 Dungeon Crawl Stone Soup version 0.21.1-1-g345015f (webtiles) character file.

6439 letownia2 the Geomancer (level 10, 0/57 HPs)
             Began as a Gargoyle Wizard on Feb 23, 2018.
             Was a Believer of Vehumet.
             Slain by a two-headed ogre
             ... wielding a cursed -3 giant club
              (19 damage)
             ... on level 11 of the Dungeon.
             The game lasted 00:36:09 (3233 turns).

letownia2 the Geomancer (Gargoyle Wizard)           Turns: 3233, Time: 00:36:10

Health: 0/57       AC: 15    Str: 16    XL:     10   Next: 99%
Magic:  18/23      EV: 12    Int: 24    God:    Vehumet [**....]
Gold:   357        SH:  0    Dex:  8    Spells: 14/27 levels left

rFire    . . .     SeeInvis .   a - +2 short sword (venom)
rCold    . . .     Gourm    .   (no shield)
rNeg     + . .     Faith    .   o - +0 leather armour
rPois    ∞         Spirit   .   y - +0 helmet {Int+3}
rElec    +         Reflect  .   P - +2 cloak
rCorr    .         Harm     .   (no gloves)
MR       .....                  (no boots)
Stlth    ++........             l - amulet of magic regeneration
HPRegen  0.19/turn              x - +4 ring of strength
MPRegen  0.43/turn              N - ring of stealth

@: no status effects
A: negative energy resistance 1, electricity resistance, unbreathing,
petrification resistance, rot immunity, AC +7
a: Renounce Religion


You were on level 11 of the Dungeon.
You worshipped Vehumet.
Vehumet was pleased with you.
You were not hungry.

You visited 2 branches of the dungeon, and saw 12 of its levels.

You collected 412 gold pieces.
You spent 55 gold pieces at shops.

Inventory:

Hand Weapons
 a - a +2 short sword of venom (weapon)
 n - a +2 whip of flaming
 q - a +0 quarterstaff
 s - a +4 dagger
 G - a +0 spear
 M - a +4 mace of freezing
 Q - a +1 rapier of flaming
 U - a +0 hand crossbow
Missiles
 b - 5 poisoned needles
 C - 117 stones (quivered)
 V - 62 bolts
Armour
 o - a +0 leather armour (worn)
 w - a +0 ring mail
 y - a +0 helmet of intelligence (worn)
 L - a +0 robe of resistance
 P - a +2 cloak (worn)
Jewellery
 l - an amulet of magic regeneration (around neck)
 x - a +4 ring of strength (left hand)
 E - a +1 ring of evasion
 N - a ring of stealth (right hand)
Wands
 H - a wand of random effects (14)
 J - a wand of polymorph (11)
 K - a wand of digging (6)
 S - a wand of iceblast (8)
Scrolls
 e - 2 scrolls of enchant weapon {unknown}
 f - 2 scrolls of blinking {unknown}
 i - 5 scrolls of teleportation
 j - a scroll of magic mapping
 r - 5 scrolls of remove curse
 z - a scroll of fog
 A - 2 scrolls of identify {unknown}
 F - 3 scrolls of fear {unknown}
 I - a scroll of immolation {unknown}
 O - a scroll of noise {unknown}
Potions
 g - a potion of cancellation {unknown}
 h - a potion of brilliance {unknown}
 k - a potion of haste {unknown}
 m - a potion of magic {unknown}
 t - 2 potions of curing
 u - a potion of mutation {unknown}
 D - a potion of lignification {unknown}
Books
 c - a book of Minor Magic

   Spells                             Type                      Level
   a - Magic Dart                     Conjuration                  1
   b - Blink                          Translocation                2
   c - Call Imp                       Summoning                    2
   d - Slow                           Hexes                        2
   e - Conjure Flame                  Conjuration/Fire             3
   f - Mephitic Cloud                 Conjuration/Poison/Air       3
 R - a book of Flames

   Spells                             Type                      Level
   a - Flame Tongue                   Conjuration/Fire             1
   b - Throw Flame                    Conjuration/Fire             2
   c - Conjure Flame                  Conjuration/Fire             3
   d - Inner Flame                    Hexes/Fire                   3
   e - Sticky Flame                   Conjuration/Fire             4
   f - Fireball                       Conjuration/Fire             5
Comestibles
 d - 8 rations
 p - 2 chunks of flesh


   Skills:
 - Level 4.2 Fighting
 - Level 3.7 Armour
 - Level 3.3 Dodging
 - Level 2.1 Stealth
 + Level 9.1 Spellcasting
 - Level 4.4 Conjurations
 - Level 0.8 Summonings
 - Level 2.7 Translocations
 - Level 3.3 Fire Magic
 - Level 2.7 Air Magic
 - Level 9.9 Earth Magic
 - Level 3.3 Poison Magic


You had 14 spell levels left.
You knew the following spells:

 Your Spells              Type           Power        Failure   Level  Hunger
a - Magic Dart            Conj           ####         1%          1    None
b - Blink                 Tloc           N/A          3%          2    None
c - Conjure Flame         Conj/Fire      ####....     4%          3    None
d - Flame Tongue          Conj/Fire      ####.        1%          1    None
e - Mephitic Cloud        Conj/Pois/Air  ####....     4%          3    None
i - Call Imp              Summ           ###.....     8%          2    None
l - Sandblast             Erth           ######       1%          1    None


Dungeon Overview and Level Annotations

Branches:
Dungeon (11/15)            Temple (0/1) D:5            Lair (0/6) D:11
    Orc (1/2) D:9

Altars:
Gozag
Okawaru
Ru
Vehumet

Shops:
D:4 =}?[[   D:10 :

Annotations:
D:3 grindst0ne's ghost, novice OpEE
D:4 execc's ghost, amateur OpEE


Innate Abilities, Weirdness & Mutations

You are resistant to torment.
Your stone body is resilient. (AC +7)
You are immune to poison.
You resist negative energy. (rN+)
You are resistant to electric shocks. (rElec)
You can survive without breathing.
You are immune to petrification.
You are immune to rotting.


Message History

The blast of sand hits the two-headed ogre.
The two-headed ogre is moderately wounded.
C - 118 stones The electric eel shoots out a bolt of lightning at you!
The bolt of electricity hits you!
The two-headed ogre is engulfed in blazing flames.
The two-headed ogre hits you with a giant club!
The two-headed ogre hits you with a giant spiked club!
Casting: Sandblast
Confirm with . or Enter, or press ? or * to list all spells.
Aiming: Sandblast
Press: ? - help, Shift-Dir - straight line, f/p - two-headed ogre
Aim: a two-headed ogre, wielding a giant club and a giant spiked club (flame, moderately wounded)
The blast of sand hits the two-headed ogre.
The two-headed ogre is severely wounded.
C - 117 stones The two-headed ogre is engulfed in blazing flames.
The two-headed ogre barely misses you.
The two-headed ogre hits you with a giant spiked club!!
You die...

#)...............,****,,,,,,,*,,,
######.....###+#......#**********
,,,,,#.....#...+....$.#
,,,,,#..)..'...#......#
,,,,,#.....#...#......#
*****#.....#...#......##*****
,,,,...##'##...#........,,,,*
,,,....#.......#.......a,,,,*
,,,....#.......O@.......,,,,*
,,,.:,,#....####........,,,,*
,,,,,,,#..#≈*≈≈≈##......,,,,*
,,,,,,....#≈≈≈;≈≈*......,,,,*
,,,,,,...*#≈≈#≈#≈**.....,,,,*
,,,,,,,*,*≈≈≈≈≈≈≈≈≈.....,,,,*
*+******,≈≈*≈≈≈≈≈≈*,####*****
,,,,,,,,,≈*≈≈≈≈*≈**,*
,,,>,,,,,,*≈≈*≈≈≈≈,,*


You could see a two-headed ogre, a worker ant (sleeping) and an electric eel.

Vanquished Creatures
  2 two-headed ogres
  Pikel (D:4)
  An ugly thing (D:11)
  2 kobold demonologists (D:9)
  A hornet (D:10)
  Prince Ribbit (D:9)
  2 hippogriffs (D:10)
  Eustachio (D:5)
  A hungry ghost (D:10)
  3 wargs (D:9)
  An ice beast (D:8)
  A black bear (D:11)
  An orc warrior (D:10)
  2 sky beasts
  A phantom (D:10)
  A necrophage (D:6)
  2 ogres
  3 centaurs
  4 big kobolds
  4 scorpions
  3 killer bees (D:7)
  3 wights (D:8)
  3 crimson imps
  A quasit (D:9)
  2 bullfrog zombies
  2 hounds
  A bullfrog skeleton (D:4)
  3 orc priests
  2 jellies
  3 iguanas
  An orc wizard (D:10)
  2 worker ants
  A worker ant zombie (D:5)
  3 gnolls (D:5)
  8 adders
  A shadow imp (D:4)
  An adder zombie (D:5)
  2 worms (D:5)
  4 leopard geckos
  13 orcs
  2 bats
  6 giant cockroaches
  A goblin (D:2)
  A hobgoblin (D:2)
  2 jackals (D:2)
  3 quokkas
  A ball python (D:3)
  4 frilled lizards
  15 kobolds
  5 rats
134 creatures vanquished.

Vanquished Creatures (others)
  A giant cockroach (D:4)
1 creature vanquished.

Grand Total: 135 creatures vanquished

Notes
Turn   | Place    | Note
-------+----------+-------------------------------------------
     0 | D:1      | letownia2 the Gargoyle Wizard began the quest for the Orb.
     0 | D:1      | Reached XP level 1. HP: 10/10 MP: 4/4
   107 | D:1      | Reached XP level 2. HP: 15/15 MP: 1/6
   240 | D:2      | Reached XP level 3. HP: 16/19 MP: 3/7
   258 | D:2      | Learned a level 3 spell: Mephitic Cloud
   263 | D:2      | Learned a level 3 spell: Conjure Flame
   359 | D:3      | Found a faded altar of an unknown god.
   389 | D:4      | Found an iron altar of Okawaru.
   391 | D:4      | Found Inig's Armour Shop.
   406 | D:4      | Noticed execc's ghost (amateur OpEE)
   573 | D:3      | Noticed grindst0ne's ghost (novice OpEE)
   594 | D:4      | Found Fyhucage's Magic Scroll Emporium.
   616 | D:4      | Bought a scroll of fog for 20 gold pieces
   616 | D:4      | Bought a scroll of magic mapping for 35 gold pieces
   667 | D:4      | Noticed a slave
   720 | D:4      | Reached XP level 4. HP: 14/24 MP: 1/8
   725 | D:4      | Learned a level 2 spell: Blink
   761 | D:4      | Found a radiant altar of Vehumet.
   767 | D:4      | Became a worshipper of Vehumet
   777 | D:4      | Found Muunkoku's Gadget Boutique.
   820 | D:4      | Found Sazxedu's Armour Shoppe.
   822 | D:4      | Noticed an ogre
   876 | D:4      | Killed an ogre
   876 | D:4      | Reached skill level 1 in Fire Magic
   876 | D:4      | Reached skill level 1 in Air Magic
   876 | D:4      | Reached skill level 1 in Poison Magic
   876 | D:4      | Reached XP level 5. HP: 28/28 MP: 0/9
   896 | D:4      | Found Hajary's Jewellery Shoppe.
   905 | D:4      | Reached skill level 1 in Translocations
   952 | D:4      | Noticed Pikel
   952 | D:4      | Noticed a slave
   952 | D:4      | Noticed a slave
   969 | D:4      | Noticed a slave
   986 | D:4      | Killed Pikel
   986 | D:4      | Reached XP level 6. HP: 20/32 MP: 5/10
   986 | D:4      | Reached XP level 7. HP: 22/36 MP: 5/11
  1033 | D:5      | Entered Level 5 of the Dungeon
  1180 | D:5      | Reached skill level 1 in Fighting
  1200 | D:5      | Noticed Eustachio
  1364 | D:5      | Reached * piety under Vehumet
  1364 | D:5      | Offered knowledge of Sandblast by Vehumet.
  1378 | D:5      | Learned a level 1 spell: Sandblast
  1381 | D:5      | Learned a level 2 spell: Call Imp
  1397 | D:5      | Found a staircase to the Ecumenical Temple.
  1500 | D:5      | Killed Eustachio
  1500 | D:5      | Reached XP level 8. HP: 40/43 MP: 4/13
  1614 | D:6      | Reached skill level 5 in Earth Magic
  2022 | D:8      | Reached XP level 9. HP: 47/47 MP: 9/14
  2279 | D:9      | Noticed a kobold demonologist
  2331 | D:9      | Reached skill level 1 in Armour
  2351 | D:9      | Learned a level 1 spell: Flame Tongue
  2370 | D:9      | Noticed a hellwing
  2371 | D:9      | Noticed a kobold demonologist
  2374 | D:9      | Reached ** piety under Vehumet
  2374 | D:9      | Offered knowledge of Freeze by Vehumet.
  2378 | D:9      | Killed a kobold demonologist
  2383 | D:9      | Killed a kobold demonologist
  2452 | D:9      | Found an opulent altar of Gozag.
  2452 | D:9      | Found a sacrificial altar of Ru.
  2453 | D:9      | Noticed a two-headed ogre
  2465 | D:9      | Killed a two-headed ogre
  2465 | D:9      | Reached XP level 10. HP: 51/57 MP: 13/17
  2484 | D:9      | Reached skill level 5 in Spellcasting
  2573 | D:9      | Noticed Prince Ribbit
  2576 | D:9      | Killed Prince Ribbit
  2615 | D:10     | Entered Level 10 of the Dungeon
  2845 | D:10     | Found Pomod's Book Emporium.
  2898 | D:10     | Noticed a two-headed ogre
  2910 | D:10     | Killed a two-headed ogre
  2977 | D:10     | Offered knowledge of Throw Frost by Vehumet.
  3095 | D:9      | Found a staircase to the Orcish Mines.
  3122 | Orc:1    | Entered Level 1 of the Orcish Mines
  3122 | Orc:1    | Noticed an orc sorcerer
  3122 | Orc:1    | Noticed an orc sorcerer
  3155 | D:11     | Noticed a red ugly thing
  3171 | D:11     | Killed a red ugly thing
  3225 | D:11     | Noticed a two-headed ogre
  3233 | D:11     | Slain by a two-headed ogre

Skill      XL: |  1  2  3  4  5  6  7  8  9 10 |
---------------+-------------------------------+-----
Conjurations   | 2 3 4 |  4.4
Fire Magic     | 1 3 |  3.3
Air Magic      | 1 2 |  2.7
Poison Magic   | 1 3 |  3.3
Translocations | 2 |  2.7
Fighting       | 1 4 |  4.2
Earth Magic    | 3 8 9 |  9.9
Armour         | 3 |  3.7
Dodging        | 3 |  3.3
Spellcasting   | 4 9 |  9.1
Stealth        | |  2.1
Summonings     | |  0.8

Action                   |  1- 3 |  4- 6 |  7- 9 | 10-12 || total
-------------------------+-------+-------+-------+-------++-------
Melee: Unarmed           |    14 |       |       |       ||    14
       Dagger            |    64 |    10 |    32 |       ||   106
       Whip              |       |       |    37 |     3 ||    40
       Short sword       |       |       |       |    24 ||    24
 Cast: Magic Dart        |    50 |    17 |   124 |     6 ||   197
       Mephitic Cloud    |     3 |     4 |     9 |     6 ||    22
       Conjure Flame     |       |     4 |    11 |     7 ||    22
       Sandblast         |       |       |    38 |    45 ||    83
       Flame Tongue      |       |       |     3 |    32 ||    35
       Blink             |       |       |       |     1 ||     1
  Use: Scroll            |       |       |     3 |     2 ||     5
 Stab: Distracted        |     1 |       |       |       ||     1
       Sleeping          |     1 |       |       |       ||     1
       Confused          |     1 |       |     1 |       ||     2
  Eat: Chunk             |       |     1 |     5 |     4 ||    10
Armor: Robe              |    10 |       |       |       ||    10
       Leather armour    |    17 |     6 |    54 |    34 ||   111
Dodge: Dodged            |    56 |     7 |    74 |    47 ||   184
